 Dungeon Crawl Stone Soup version 0.29-a0-648-g6b26cc9f40 (webtiles) character file.

Game seed: 10633001531277718707

98 frimble the Sneak (level 4, -4/29 HPs)
             Began as an Octopode Warper on June 20, 2022.
             Slain by a goblin
             ... wielding a +0 club
             ... led by Robin
              (6 damage)
             ... on level 3 of the Dungeon.
             The game lasted 00:01:48 (2891 turns).

frimble the Sneak (Octopode Warper)                 Turns: 2891, Time: 00:01:49

Health: -4/29      AC:  1    Str: 10    XL:     4   Next: 69%
Magic:  5/7        EV: 13    Int: 15    God:
Gold:   71         SH:  0    Dex: 13    Spells: 5/7 levels left

rFire   . . .      SeeInvis .   a - +0 falchion (flame)
rCold   . . .      Faith    .   (no shield)
rNeg    . . .      Spirit   .   (helmet restricted)
rPois   .          Reflect  .   (no amulet)
rElec   .          Harm     .   (no ring)
rCorr   .          Rampage  .   (no ring)
Will    .....                   (no ring)
Stlth   +++.......              (no ring)
HPRegen 0.09/turn               (no ring)
MPRegen 0.10/turn               (no ring)
                                (no ring)
                                (no ring)

@: about to teleport, on blink cooldown
A: almost no armour, amphibious, 8 rings, camouflage 1, gelatinous body 1,
(nimble swimmer 1), tentacles
a: no special abilities


You were on level 3 of the Dungeon.
You visited 1 branch of the dungeon, and saw 3 of its levels.

You collected 71 gold pieces.

Inventory:

Hand Weapons
 a - a +0 falchion of flaming (weapon)
Missiles
 c - 5 boomerangs of dispersal (quivered)
 g - 2 javelins
 k - 2 poisoned darts
Scrolls
 b - a scroll of blinking
 d - 4 scrolls of teleportation
 e - a scroll of amnesia
 h - a scroll of identify
 i - a scroll of vulnerability
Potions
 f - a potion of attraction
 m - a potion of haste


   Skills:
 - Level 2.0 Fighting
 + Level 3.5 Long Blades
 - Level 1.0 Throwing
 - Level 2.4 Dodging
 + Level 3.9 Stealth
 - Level 2.0 Spellcasting
 - Level 3.0 Translocations


You had 5 spell levels left.
You knew the following spells:

 Your Spells              Type           Power      Damage    Failure   Level
a - Blink                 Tloc           20%        N/A       10%         2

Your spell library contained the following spells:

 Spells                   Type           Power      Damage    Failure   Level
 Gell's Gravitas          Tloc           10%        N/A       19%         3
 Lesser Beckoning         Tloc           10%        N/A       19%         3
 Teleport Other           Tloc           10%        N/A       19%         3
 Manifold Assault         Tloc           10%        N/A       87%         5


Dungeon Overview and Level Annotations

Branches:
Dungeon (3/15)

Altars:

Shops:
D:2 (

Annotations:
D:3 Robin


Innate Abilities, Weirdness & Mutations

You cannot wear most types of armour.
You are amphibious.
You can wear up to eight rings at the same time.
Your skin changes colour to match your surroundings (Stealth+).
Your rubbery body absorbs attacks. (AC +1, EV +1)
((You are camouflaged when in or above water. (Stealth+)))
You have tentacles for arms and can constrict up to eight enemies at once.


Message History

You hit the goblin. You burn the goblin.
You kill the goblin!
You hear a shout!
Robin throws the goblin at you! The goblin barely misses you.
A goblin comes into view. It is wielding a +0 dagger.
The goblin closely misses you.
A goblin comes into view. It is wielding a +0 club.
You closely miss the goblin. You grab the goblin. You squeeze the goblin.
The goblin is severely wounded.
You constrict the goblin.
You kill the goblin!
Robin roars a battlecry!
The goblins go into a battle-frenzy!
The hobgoblin hits you but does no damage.
The goblin hits you with a +0 dagger. The goblin closely misses you.
A goblin comes into view. It is wielding a +0 dagger.
You hit the hobgoblin. You burn the hobgoblin. Your grab misses the hobgoblin.
The hobgoblin is heavily wounded.
The hobgoblin hits you. x2; The goblin hits you with a +0 dagger.
You are too injured to fight recklessly!
You are too injured to fight recklessly!
You are too injured to fight recklessly!
You are too injured to fight recklessly!
The hobgoblin attacks as you move away! The hobgoblin hits you!
Robin throws the goblin at you!
* * * LOW HITPOINT WARNING * * *
The hobgoblin closely misses you. The goblin misses you.
Casting: Blink (safe; 10% risk of failure)
Confirm with . or Enter, or press ? or * to list all spells.
You blink.
Found a ring mail.
Robin hits you from afar with a +0 spear.
* * * LOW HITPOINT WARNING * * *
You aren't carrying any items that you can evoke.
Unknown command.
As you read the scroll of teleportation, it crumbles to dust.
You feel strangely unstable.
Robin hits you from afar with a +0 spear.
* * * LOW HITPOINT WARNING * * *
The goblin hits you with a +0 club.
You die...

#### <..+ ..## ....## #
..# .... .# ..#
...######..# ..#
#..........#
.#########..[#...#.[#
.##........g.g......#
..........g.gg..@...#
.#..#.....ยง..ggg.#......
#......###))g...g....###
'......# #..g...... ...
#......# #.......... .##
#......+ +........... ..
#......# #.........#.. #
#......# #.........#...
#......# #.........


You could see Robin, 4 hobgoblins and 6 goblins.

Vanquished Creatures
  Jessica (D:2)
  3 adders (D:2)
  2 worms
  A dart slug (D:2)
  4 bats
  2 endoplasms
  3 hobgoblins (D:1)
  3 jackals (D:2)
  4 quokkas (D:2)
  3 ball pythons
  A frilled lizard (D:2)
  6 goblins
  A kobold (D:1)
  A rat (D:1)
35 creatures vanquished.

Notes
Turn   | Place    | Note
-------+----------+-------------------------------------------
     0 | D:1      | frimble the Octopode Warper began the quest for the Orb.
     0 | D:1      | Reached XP level 1. HP: 14/14 MP: 3/3
   340 | D:1      | Reached skill level 1 in Stealth
   340 | D:1      | Reached XP level 2. HP: 15/19 MP: 5/5
  1426 | D:2      | Learned a level 2 spell: Blink
  1639 | D:2      | Found a faded altar of an unknown god.
  1700 | D:2      | Reached XP level 3. HP: 23/24 MP: 6/6
  1975 | D:2      | Noticed Jessica
  1986 | D:2      | Killed Jessica
  1987 | D:2      | Reached XP level 4. HP: 11/29 MP: 7/7
  2201 | D:2      | Found Tieq's Weapon Emporium.
  2883 | D:3      | Noticed Robin
  2891 | D:3      | Slain by a goblin

Illustrated notes

Levels and vault maps discovered:
D:1:      dpeg_arrival_morbid_curiosity, layout_loops_ring, serial_rivers,
          chequers_serial_rivers_small_a, chequers_serial_rivers_micro_d,
          chequers_serial_rivers_micro_c, chequers_serial_rivers_small_b,
          chequers_serial_rivers_room_a, minmay_liquid_box
D:2:      layout_rooms, serial_curves, eino_curves_02, eino_curves_04,
          eino_curves_02, serial_shops, shop,
          hellmonk_ecumenical_altar_dog_temple, kennysheep_jessica_study
D:3:      layout_basic, uniq_robin

Skill      XL: |  1  2  3 |
---------------+----------+-----
Stealth        | 1 2 3 |  3.9
Long Blades    | 3 |  3.5
Fighting       | |  2.0
Throwing       | |  1.0
Dodging        | |  2.4
Spellcasting   | |  2.0
Translocations | |  3.0

Action                   |  1- 3 |  4- 6 || total
-------------------------+-------+-------++-------
Melee: Falchion          |    50 |    28 ||    78
       Constrict         |    18 |     7 ||    25
       Tentacles         |     5 |     5 ||    10
Throw: Boomerang         |     2 |       ||     2
 Cast: Blink             |       |     1 ||     1
  Use: Scroll            |       |     9 ||     9
 Stab: Sleeping          |     5 |     3 ||     8
Armor: Skin              |     8 |     7 ||    15
Dodge: Dodged            |    33 |    16 ||    49

Table legend: (Time is in decaauts)
 A = Elapsed time spent in this place.
 B = Non-inter-level travel time spent in this place.
 C = Inter-level travel time spent in this place.
 D = Time resting spent in this place.
 E = Time spent auto-exploring this place.
 F = Levels seen in this place.
 G = Mean time per level.
                   A        B        C        D        E       F      G
               +--------+--------+--------+--------+--------+-----+--------+
         Total |   2904 |   2828 |     76 |      0 |   2570 |   3 |  968.0 |
       Dungeon |   2904 |   2828 |     76 |      0 |   2570 |   3 |  968.0 |
               +--------+--------+--------+--------+--------+-----+--------+

Top non-repeatable levels by time:
     D:2: 1400 daAuts
     D:1: 1356 daAuts
     D:3: 146 daAuts
